 Dungeon Crawl Stone Soup version 0.19.4 (webtiles) character file.

98 Jynx the Skirmisher (level 4, -8/41 HPs)
             Began as a Minotaur Fighter on Feb 5, 2017.
             Mangled by Sigmund
             ... wielding a +0 scythe
              (11 damage)
             ... on level 2 of the Dungeon.
             The game lasted 00:01:51 (1441 turns).

Jynx the Skirmisher (Minotaur Fighter)              Turns: 1441, Time: 00:01:51

Health: -8/41      AC:  7    Str: 21    XL:     4   Next: 43%
Magic:  3/3        EV:  9    Int:  5    God:
Gold:   62         SH:  0    Dex: 10    Spells: 0 memorised, 3 levels left

rFire  . . .     SeeInvis .     a - +0 trident
rCold  . . .     Gourm    .     b - +0 scale mail
rNeg   . . .     Faith    .     (no shield)
rPois  .         Spirit   .     (helmet restricted)
rElec  .         Reflect  .     (no cloak)
rCorr  .         Harm     .     (no gloves)
MR     .....                    (no boots)
Stlth  ..........               (no amulet)
                                (no ring)
                                (no ring)

@: no status effects
A: retaliatory headbutt, horns 2
a: no special abilities


You were on level 2 of the Dungeon.
You were not hungry.

You visited 1 branch of the dungeon, and saw 2 of its levels.

You collected 62 gold pieces.

Inventory:

Hand Weapons
 a - a +0 trident (weapon)
Armour
 b - a +0 scale mail (worn)
 c - a +0 shield
Scrolls
 e - 2 scrolls of identify {unknown}
 g - a scroll of enchant armour {unknown}
 l - a scroll of teleportation {unknown}
 n - 2 scrolls of remove curse {unknown}
 o - a scroll of fog {unknown}
 r - a scroll of amnesia {unknown}
Potions
 d - a potion of might
 h - a potion of mutation {unknown}
 k - 3 potions of ambrosia {unknown}
 m - a potion of invisibility {unknown}
 q - a potion of curing {unknown}
Comestibles
 f - 5 bread rations
 i - a fruit
 j - 3 chunks of flesh
 p - a beef jerky


   Skills:
 + Level 4.6 Fighting
 * Level 4.3 Polearms
 + Level 4.3 Armour
 - Level 3.6 Shields


You had 3 spell levels left.
You didn't know any spells.

Dungeon Overview and Level Annotations

Branches:
Dungeon (2/15)

Altars:

Annotations:
D:2 Sigmund


Innate Abilities, Weirdness & Mutations

You reflexively headbutt those who attack you in melee.
You have a pair of horns on your head.


Message History

You miss something. You headbutt something. The kobold closely misses you.
You furiously retaliate!
You headbutt the kobold, but do no damage.
Something hits you.
You closely miss something. The kobold hits you but does no damage.
You closely miss something. Something hits you!
The kobold hits you but does no damage.
You miss something. The kobold hits you but does no damage. Something hits you.
* * * LOW HITPOINT WARNING * * *
You hit something. The kobold hits you but does no damage.
You miss something. Something hits you.
* * * LOW HITPOINT WARNING * * *
The kobold closely misses you.
You miss something. The kobold closely misses you. Something hits you.
* * * LOW HITPOINT WARNING * * *
You puncture something! You headbutt something. The kobold closely misses you.
You furiously retaliate!
You headbutt the kobold!
You kill the kobold!
Something hits you!
You die...

## .................#.
.........#.........
.........#....8.8.. ...
###......#..8..... .)..
#.....#.........
##...######+####....##+## #
#.........#.####...## .#
.#####.........+(..##....#####..#
...............#@#.##.<........#
.........##....{†..##.......##.#
.........##........##.......#
......>K..................>÷##+##
.........†.......###+#+###.......
...........#...##.....+###.......
.........###...##................
.....(...# #...##....(...........
....(....# #...#####.............


There were no monsters in sight!

Vanquished Creatures
  Natasha (D:2)
  A gnoll (D:1)
  An adder (D:2)
  An ooze (D:2)
  A worm (D:2)
  A leopard gecko (D:1)
  4 giant cockroaches
  3 goblins (D:1)
  9 hobgoblins
  2 jackals (D:1)
  6 kobolds
  A ball python (D:2)
  6 bats
  2 frilled lizards (D:1)
  2 rats (D:1)
41 creatures vanquished.

Notes
Turn   | Place    | Note
-------+----------+-------------------------------------------
     0 | D:1      | Jynx the Minotaur Fighter began the quest for the Orb.
     0 | D:1      | Reached XP level 1. HP: 19/19 MP: 0/0
   161 | D:1      | Reached XP level 2. HP: 27/27 MP: 1/1
   625 | D:1      | Reached XP level 3. HP: 31/33 MP: 2/2
  1397 | D:2      | Noticed Natasha
  1401 | D:2      | Killed Natasha
  1401 | D:2      | Reached XP level 4. HP: 40/41 MP: 3/3
  1408 | D:2      | Noticed Sigmund
  1441 | D:2      | Mangled by Sigmund

Skill      XL: |  1  2  3 |
---------------+----------+-----
Polearms       | 3 4 |  4.3
Fighting       | 4 |  4.6
Armour         | 4 |  4.3
Shields        | |  3.6

Action                   |  1- 3 |  4- 6 || total
-------------------------+-------+-------++-------
Melee: Trident           |    94 |    18 ||   112
       Headbutt          |    14 |     3 ||    17
  Eat: Chunk             |     2 |       ||     2
Armor: Scale mail        |    25 |    31 ||    56
Dodge: Dodged            |    34 |    18 ||    52
